Map: Mist Opportunities

Players

ViS

  • Race: Zerg Zerg

MemeMastodon

  • Race: Terran Terran
  • Spawn Location: 5:00

VOD

Have the link to the VOD?

Description

Time

  • Played on: March 15, 2018, 1:06 p.m.
  • Length: 30:10
Show
View Real Time Build Order
Export as new Build Order

ViS Zerg 

Build Orders:  

Get SALT Encoding   

  18  0:06  Primal Drone  
  19  0:15  Primal Drone  
  20  0:21  Extractor  
  20  0:29  Primal Drone  
  21  0:33  Primal Drone  
  22  0:43  Primal Drone  
  23  1:00  Primal Warden  
  23  1:09  Primal Drone  
  25  1:22  Extractor  
  25  1:23  Primal Drone  
  26  1:40  Primal Drone x2  
  28  1:59  Primal Drone  
  29  2:04  Glevig's Den  
  28  2:10  Primal Drone  
  29  2:51  Primal Drone  
  29  2:58  Primal Hive  
  35  3:05  Primal Drone x2  
  37  3:20  Primal Zergling x2  
  39  3:38  Primal Drone x2  
  41  4:02  Primal Drone  
  41  4:03  Primal Drone  
  41  4:06  Primal Attacks Level 1  
  41  4:08  Murvar's Den  
  42  4:29  Primal Drone  
  43  4:42  Primal Drone  
  43  4:43  Primal Drone x3  
  48  4:50  Primal Hive  
  48  4:56  Primal Drone x2, Primal Warden  
  50  5:22  Primal Warden  
  50  5:32  Primal Drone x3  
  50  5:33  Primal Drone  
  50  5:34  Extractor  
  54  5:56  Primal Drone x2  
  56  6:02  Extractor  
  56  6:06  Primal Drone  
  56  6:07  Primal Drone  
  58  6:23  Primal Drone  
  58  6:24  Primal Drone  
  60  6:35  Primal Drone  
  60  6:36  Primal Drone  
  62  6:47  Primal Drone x2  
  64  6:56  Primal Attacks Level 2  
  64  6:58  Primal Swarm Host  
  64  6:59  Dakrun's Den, Primal Swarm Host x5  
  81  7:03  Primal Drone x2  
  83  7:42  Primal Drone  
  83  7:46  Primal Swarm Host  
  83  7:47  Primal Swarm Host x6  
  99  8:01  Primal Swarm Host  
  102  8:27  Primal Swarm Host  
  102  8:28  Primal Swarm Host x2  
  108  9:08  Primal Drone x7  
  108  9:09  Primal Drone x3  
  118  9:56  Primal Swarm Host x8  
  118  9:57  Primal Swarm Host  
  145  10:30  Primal Swarm Host x4  
  157  10:55  Primal Swarm Host x2  
  166  11:00  Primal Wurm  
  166  11:01  Primal Wurm  
  166  11:07  Primal Wurm  
  166  11:18  Primal Drone  
  167  11:24  Primal Swarm Host  
  167  11:25  Primal Swarm Host x2  
  176  11:43  Primal Swarm Host x2  
  174  12:42  Primal Drone x3  
  174  12:43  Primal Drone x2  
  179  13:36  Primal Swarm Host x6  
  179  13:37  Primal Swarm Host  
  179  15:23  Primal Attacks Level 3  
  179  15:24  Primal Carapace Level 1  
  179  15:26  Aerial Burst Sacs  
  179  16:22  Primal Swarm Host x3  
  179  16:23  Primal Swarm Host x4  
  198  17:39  Primal Swarm Host  
  197  17:40  Primal Swarm Host  
  200  18:39  Primal Carapace Level 2  
  199  18:41  Primal Drone  
  196  24:28  Primal Drone x4  
  200  24:32  Primal Carapace Level 3  
Show
View Real Time Build Order
Export as new Build Order

MemeMastodon Terran 

Build Orders:  

Get SALT Encoding   

  12  0:04  SCV  
Tags
 
Add a new tag
Caveats
  • Supply blocks, unpowered buildings, or Contaminate may cause inaccurate times.
  • Supply counts are checked every 10 seconds.